 Dungeon Crawl Stone Soup version 0.18.1-47-g9310371 (webtiles) character file.

525 amnekian the Cleaver (level 7, 38/57 HPs)
             Began as a Minotaur Berserker on June 14, 2016.
             Quit the game on level 4 of the Dungeon.
             The game lasted 00:11:43 (2617 turns).

amnekian the Cleaver (Minotaur Berserker)           Turns: 2617, Time: 00:11:44

Health: 38/57      AC:  5    Str: 21    XL:     7   Next: 2%
Magic:  5/12       EV: 11    Int:  6    God:
Gold:   139        SH:  0    Dex: 13    Spells: 0 memorised, 14 levels left

rFire  . . .     SeeInvis .     a - +0 hand axe
rCold  . . .     Gourm    .     n - +0 ring mail
rNeg   . . .     Faith    .     (no shield)
rPois  .         Spirit   .     (helmet restricted)
rElec  .         Dismiss  .     (no cloak)
rCorr  .         Reflect  .     (no gloves)
SustAt .         Harm     .     (no boots)
MR     .....                    (no amulet)
Stlth  +.........               (no ring)
                                m - +3 ring of dexterity

@: confused, not resistant to hostile enchantments, very unstealthy
A: retaliatory headbutt, horns 2
a: no special abilities


You were on level 4 of the Dungeon.
You were not hungry.

You visited 1 branch of the dungeon, and saw 4 of its levels.

You collected 139 gold pieces.

Inventory:

Hand Weapons
 a - a +0 hand axe (weapon)
Missiles
 d - 78 stones (quivered)
 e - 7 tomahawks
Armour
 b - a +0 animal skin
 n - a +0 ring mail (worn)
Jewellery
 m - a +3 ring of dexterity (left hand)
Scrolls
 k - 2 scrolls of fog
 r - a scroll of blinking
 t - a scroll of teleportation {unknown}
 u - 2 scrolls of remove curse
 v - 3 scrolls of magic mapping {unknown}
 x - a scroll of fear {unknown}
Potions
 h - a potion of heal wounds {unknown}
 i - a potion of agility {unknown}
 j - a potion of invisibility {unknown}
 o - a potion of resistance {unknown}
 p - 2 potions of mutation {unknown}
 q - a potion of experience
 s - a potion of curing {unknown}
 w - a potion of might {unknown}
Comestibles
 c - 7 bread rations
 f - 2 slices of pizza
 g - 2 beef jerkies
 l - a meat ration
 z - a chunk of flesh


   Skills:
 - Level 3.6 Fighting
 - Level 8.0 Axes
 * Level 2.9 Armour
 - Level 2.1 Dodging
 + Level 8.0 Stealth
 + Level 6.7 Unarmed Combat
 + Level 4.1 Spellcasting


You had 14 spell levels left.
You didn't know any spells.

Dungeon Overview and Level Annotations

Branches:
Dungeon (4/15)
 Temple: D:4-7

Altars:
Nemelex Xobeh


Innate Abilities, Weirdness & Mutations

You reflexively headbutt those who attack you in melee.
You have a pair of horns on your head.


Message History

Trog doesn't appreciate your training magic!
You feel extremely guilty.
Trog doesn't appreciate your training magic! x2
You can no longer call upon Trog for regeneration and protection from hostile enchantments.
Trog doesn't appreciate your training magic!
You have lost your religion!
Trog does not appreciate desertion!
Your Stealth skill gained 8 levels and is now at level 8!
Your Unarmed Combat skill gained 6 levels and is now at level 6!
Your Spellcasting skill gained 4 levels and is now at level 4!
You have reached level 7!
The orc wizard hits you with a dagger.
Unknown command.
Unknown command.
Unknown command.
Unknown command.
Unknown command.
Unknown command.
Unknown command.
Are you sure you want to abandon this character and quit the game? (Confirm with "yes".)

#.....# #.....#
#.....###########
#.....#.........#
#####.###.#.........#
# #..o(.#
#...........#
.###.#####
###.........# .....#
###.###.#### ...###
#...@o...# (o.#
#.<......# ...#
#........# ...#
#........# ...#
#####.รท#.o.... ..##
##[##..... ..# #.#
....o ... #.# #....
... #.. ..


You could see an orc priest and an orc wizard.

Vanquished Creatures
  2 orc wizards (D:3)
  A giant frog skeleton (D:4)
  Ijyb (D:2)
  A worker ant (D:4)
  6 adders
  3 worms (D:2)
  A dart slug (D:1)
  3 giant geckos
  3 orcs (D:4)
  5 giant cockroaches
  16 goblins
  8 hobgoblins
  2 quokkas (D:2)
  A ball python (D:2)
  6 bats
  3 giant newts
  6 kobolds
  8 rats
76 creatures vanquished.

Notes
Turn   | Place    | Note
--------------------------------------------------------------
     0 | D:1      | amnekian the Minotaur Berserker began the quest for the Orb.
     0 | D:1      | Reached XP level 1. HP: 19/19 MP: 0/0
    65 | D:1      | Reached XP level 2. HP: 24/26 MP: 1/1
   191 | D:1      | Found a sparkling altar of Nemelex Xobeh.
   311 | D:1      | Reached ** piety under Trog
   326 | D:1      | Reached skill level 5 in Axes
   386 | D:1      | Reached XP level 3. HP: 30/31 MP: 2/2
   947 | D:2      | Noticed Ijyb
   958 | D:2      | Killed Ijyb
   958 | D:2      | Reached XP level 4. HP: 39/39 MP: 3/3
  1572 | D:2      | Reached *** piety under Trog
  1869 | D:3      | Reached XP level 5. HP: 38/45 MP: 4/4
  2413 | D:3      | Reached XP level 6. HP: 43/51 MP: 5/5
  2616 | D:4      | Fell from the grace of Trog
  2616 | D:4      | Reached XP level 7. HP: 40/57 MP: 5/12
  2617 | D:4      | Quit the game

Skill      XL: |  1  2  3  4  5  6 |
---------------+-------------------+-----
Axes           | 4 5 6 8 |  8.0
Stealth        | 8 |  8.0
Unarmed Combat | 6 |  6.7
Spellcasting   | 4 |  4.1
Fighting       | |  3.6
Armour         | |  2.9
Dodging        | |  2.1

Action                   |  1- 3 |  4- 6 |  7- 9 || total
-------------------------+-------+-------+-------++-------
Melee: Hand axe          |    71 |   118 |       ||   189
       Headbutt          |     9 |    19 |       ||    28
Throw: Stone             |     2 |    15 |       ||    17
Invok: Berserk           |     1 |     1 |       ||     2
  Use: Scroll            |     4 |       |       ||     4
       Potion            |       |     1 |       ||     1
  Eat: Chunk             |       |     8 |       ||     8
Armor: Animal skin       |    10 |       |       ||    10
       Ring mail         |    17 |    33 |       ||    50
Dodge: Dodged            |    36 |    58 |       ||    94
